 Dungeon Crawl Stone Soup version 0.21.1-1-g345015f (webtiles) character file.

408 Fang the Chopper (level 6, -4/39 HPs)
             Began as a Gargoyle Berserker on June 7, 2018.
             Was a Believer of Trog.
             Slain by a phantom (7 damage)
             ... on level 4 of the Dungeon.
             The game lasted 00:06:45 (4336 turns).

Fang the Chopper (Gargoyle Berserker)               Turns: 4336, Time: 00:06:45

Health: -4/39      AC:  7    Str: 23    XL:     6   Next: 88%
Magic:  6/6        EV: 10    Int:  7    God:    Trog [**....]
Gold:   254        SH:  0    Dex:  9    Spells: 5/5 levels left

rFire    . . .     SeeInvis .   a - +0 hand axe
rCold    + . .     Gourm    .   (no shield)
rNeg     + . .     Faith    .   o - +0 leather armour {MR+}
rPois    ∞         Spirit   .   (no helmet)
rElec    +         Reflect  .   (no cloak)
rCorr    +         Harm     .   (no gloves)
MR       ++...                  (no boots)
Stlth    +.........             (no amulet)
HPRegen  0.13/turn              g - -2 ring of evasion (curse)
MPRegen  0.10/turn              b - ring "Xoak" {rCorr rC+ MR+}

@: no status effects
A: negative energy resistance 1, electricity resistance, unbreathing,
petrification resistance, rot immunity, AC +4
a: Berserk, Trog's Hand, Burn Spellbooks, Renounce Religion


You were on level 4 of the Dungeon.
You worshipped Trog.
Trog was pleased with you.
You were hungry.

You visited 1 branch of the dungeon, and saw 4 of its levels.

You collected 254 gold pieces.

Inventory:

Hand Weapons
 a - a +0 hand axe (weapon)
Armour
 o - a +0 leather armour of magic resistance (worn)
Jewellery
 b - the ring "Xoak" (right hand) {rCorr rC+ MR+}
   (You found it on level 4 of the Dungeon)

   [ring of resist corrosion]

   It protects you from cold.
   It affects your resistance to hostile enchantments.
 g - a cursed -2 ring of evasion (left hand)
 q - an uncursed ring of positive energy
Scrolls
 d - 2 scrolls of amnesia {unknown}
 e - 6 scrolls of identify {unknown}
 f - a scroll of immolation {unknown}
 h - 2 scrolls of teleportation {unknown}
 l - a scroll of remove curse {unknown}
 n - a scroll of magic mapping {unknown}
Potions
 i - 4 potions of curing {unknown}
 j - a potion of mutation {unknown}
 k - a potion of heal wounds {unknown}
Books
 m - a book of Maledictions

   Spells                             Type                      Level
   a - Corona                         Hexes                        1
   b - Ensorcelled Hibernation        Hexes/Ice                    2
   c - Confuse                        Hexes                        3
   d - Tukima's Dance                 Hexes                        3
   e - Dazzling Spray                 Conjuration/Hexes            3
   Trog disapproves of the use of such an item.
Comestibles
 c - 5 rations


   Skills:
 + Level 4.7 Fighting
 + Level 5.1 Axes
 + Level 2.6 Armour
 + Level 3.0 Dodging
 + Level 1.6 Stealth


You had 5 spell levels left.
You didn't know any spells.

Dungeon Overview and Level Annotations

Branches:
Dungeon (4/15)             Temple (0/1) D:4

Altars:
Ashenzari
Cheibriados
Gozag
Makhleb
Okawaru

Shops:
D:4 [


Innate Abilities, Weirdness & Mutations

You are resistant to torment.
Your stone body is resilient. (AC +4)
You are immune to poison.
You resist negative energy. (rN+)
You are resistant to electric shocks. (rElec)
You can survive without breathing.
You are immune to petrification.
You are immune to rotting.


Message History

The phantom is heavily damaged.
The phantom barely misses you.
You slash the phantom!
The phantom is severely damaged.
The phantom barely misses you.
You slash the phantom!
The phantom is almost destroyed.
The phantom hits you.
* * * LOW HITPOINT WARNING * * *
The phantom blinks!
The phantom blinks!
The phantom hits you.
* * * LOW HITPOINT WARNING * * *
The phantom blinks!
The phantom blinks!
The phantom misses you.
You barely miss the phantom.
The phantom is almost destroyed.
The phantom hits you!
You die...

#.##.## #.......
#.# ## ##.....#
#.# ##...## #.#
##'##
#.############.###
#.##.........#....
#.##.#######.#.###
#W##.# #####....##
#@##.###.........#
#........###..<...
####.#######.#.###
#.........#.###
###########....
#####


You could see a phantom.

Vanquished Creatures
  Menkaure (D:4)
  2 orc priests (D:4)
  A hound (D:4)
  An orc wizard (D:4)
  Terence (D:2)
  A hound skeleton (D:4)
  A gnoll (D:2)
  5 adders
  2 oozes
  3 worms (D:2)
  2 dart slugs
  2 orcs (D:4)
  2 giant cockroaches (D:3)
  2 hobgoblins (D:2)
  7 jackals
  A quokka (D:2)
  7 bats
  5 frilled lizards
  7 goblins
  4 kobolds
  A quokka skeleton (D:4)
  6 rats
  A plant (D:2)
65 creatures vanquished.

Notes
Turn   | Place    | Note
-------+----------+-------------------------------------------
     0 | D:1      | Fang the Gargoyle Berserker began the quest for the Orb.
     0 | D:1      | Reached XP level 1. HP: 14/14 MP: 1/1
    88 | D:1      | Reached skill level 3 in Axes
    88 | D:1      | Reached XP level 2. HP: 10/19 MP: 2/2
   798 | D:1      | You fall through a shaft!
   816 | D:2      | Reached XP level 3. HP: 8/24 MP: 3/3
  1148 | D:2      | Found a shattered altar of Ashenzari.
  1164 | D:2      | Found a snail-covered altar of Cheibriados.
  1363 | D:2      | Found an opulent altar of Gozag.
  1363 | D:2      | Noticed Terence
  1375 | D:2      | Killed Terence
  1375 | D:2      | Reached XP level 4. HP: 20/29 MP: 4/4
  1770 | D:2      | Found an iron altar of Okawaru.
  2030 | D:2      | Reached ** piety under Trog
  2104 | D:2      | Reached skill level 4 in Axes
  2332 | D:3      | Reached skill level 1 in Stealth
  2332 | D:3      | Reached XP level 5. HP: 33/33 MP: 5/5
  2381 | D:3      | Found a faded altar of an unknown god.
  3215 | D:4      | Got a wavering bronze ring
  3235 | D:4      | Found a staircase to the Ecumenical Temple.
  3236 | D:4      | Identified the ring "Xoak" {rCorr rC+ MR+} (You found it on level 4 of the Dungeon)
  3461 | D:4      | Reached XP level 6. HP: 38/39 MP: 6/6
  3709 | D:4      | Noticed Menkaure
  3738 | D:4      | Killed Menkaure
  3738 | D:4      | Reached skill level 5 in Axes
  4021 | D:4      | Found Cecool's Antique Armour Boutique.
  4104 | D:4      | Found a burning altar of Makhleb.
  4106 | D:4      | Noticed an Executioner
  4260 | D:4      | Noticed a phantom
  4323 | D:4      | HP: 1/39 [phantom (5)]
  4336 | D:4      | Slain by a phantom

Skill      XL: |  1  2  3  4  5  6 |
---------------+-------------------+-----
Axes           | 3 4 5 |  5.1
Fighting       | 4 |  4.7
Dodging        | 2 3 |  3.0
Stealth        | 1 |  1.6
Armour         | |  2.6

Action                   |  1- 3 |  4- 6 || total
-------------------------+-------+-------++-------
Melee: Hand axe          |   129 |   179 ||   308
Invok: Berserk           |     4 |     3 ||     7
 Stab: Sleeping          |     1 |       ||     1
  Eat: Ration            |     1 |     2 ||     3
       Chunk             |       |     7 ||     7
Armor: Animal skin       |    24 |    52 ||    76
       Leather armour    |       |    26 ||    26
Dodge: Dodged            |    46 |   113 ||   159
